 Dungeon Crawl Stone Soup version 0.23-a0-558-g30802b1 (webtiles) character file.

53 Amnesiac the Cutter (level 3, -4/28 HPs)
             Began as a Spriggan Berserker on Dec 12, 2018.
             Was a Believer of Trog.
             Slain by Sigmund
             ... wielding a +0 scythe
              (10 damage)
             ... on level 2 of the Dungeon.
             The game lasted 00:02:25 (2186 turns).

Amnesiac the Cutter (Spriggan Berserker)            Turns: 2186, Time: 00:02:26

Health: -4/28      AC:  2    Str: 19    XL:     3   Next: 64%
Magic:  4/4        EV: 20    Int:  8    God:    Trog [**....]
Gold:   93         SH:  0    Dex: 18    Spells: 2/2 levels left

rFire    . . .     SeeInvis +   a - +0 short sword
rCold    . . .     Gourm    .   (shield restricted)
rNeg     . . .     Faith    .   b - +0 animal skin
rPois    .         Spirit   .   (helmet restricted)
rElec    .         Reflect  .   (no cloak)
rCorr    .         Harm     .   (gloves unavailable)
MR       .....                  (boots unavailable)
Stlth    ..........             (no amulet)
HPRegen  0.09/turn              d - +3 ring of dexterity
MPRegen  0.09/turn              (no ring)

@: berserking, very quick
A: very small, unfitting armour, see invisible, herbivore, speed 3, slow
metabolism 2
a: Berserk, Trog's Hand, Renounce Religion


You were on level 2 of the Dungeon.
You worshipped Trog.
Trog was pleased with you.
You were very hungry.

You visited 1 branch of the dungeon, and saw 2 of its levels.

You collected 93 gold pieces.

Inventory:

Hand Weapons
 a - a +0 short sword (weapon)
Armour
 b - a +0 animal skin (worn)
Jewellery
 d - a +3 ring of dexterity (left hand)
 m - an uncursed ring of protection from cold {unknown}
Scrolls
 h - 2 scrolls of identify {!r, unknown}
 j - 2 scrolls of noise {!r, unknown}
 k - a scroll of magic mapping {!r, unknown}
 o - 2 scrolls of remove curse {!r, unknown}
 r - a scroll of amnesia {!r, unknown}
Potions
 e - a potion of might {!q, unknown}
 f - a potion of heal wounds {!q, unknown}
 g - a potion of brilliance {!q, unknown}
 i - a potion of ambrosia {!q, unknown}
 l - a potion of mutation {!q, unknown}
 n - 2 potions of curing {!q, unknown}
 p - a potion of lignification {!q, unknown}
 q - a potion of resistance {!q, unknown}
Comestibles
 c - 2 rations


   Skills:
 - Level 2.4 Fighting
 + Level 5.1 Short Blades
 - Level 4.4 Dodging


You had 2 spell levels left.
You didn't know any spells.
Your spell library was empty.

Dungeon Overview and Level Annotations

Branches:
Dungeon (2/15)

Altars:

Annotations:
D:2 Sigmund


Innate Abilities, Weirdness & Mutations

You are very small and have problems with some larger weapons.
You are too small for most types of armour.
You have supernaturally acute eyesight. (SInv)
You are a herbivore.
You cover ground extremely quickly.
You need to consume almost no food.


Message History

You hit the hobgoblin.
The hobgoblin is heavily wounded.
The hobgoblin completely misses you.
You hit the hobgoblin.
You kill the hobgoblin!
Trog accepts your kill.
r - a scroll labeled IVIZ DAERODGHYA {!r} You see here a +0 club.
You start resting.
HP restored.
Found a stone staircase leading down.
There is a stone staircase leading down here.
There is a stone staircase leading down here.
A kobold comes into view. It is wielding a -3 dagger.
A kobold is nearby!
A kobold is nearby!
The kobold closely misses you.
You hit the kobold.
You kill the kobold!
Trog accepts your kill.
No target in view!
No target in view!
Things that are here:
a cursed -3 dagger; 3 stones; a kobold corpse You see here a frilled lizard skeleton.
o - 2 scrolls labeled OCEMIKHL LITUQE {!r} (gained 1)
A bat comes into view.
A bat is nearby!
The bat closely misses you.
Found a stone staircase leading down.
You hit the bat.
You kill the bat!
Trog accepts your kill.
No target in view!
No target in view!
No target in view!
No target in view!
No target in view!
No target in view!
No target in view!
No target in view!
n - 2 inky potions {!q} (gained 1) Sigmund the Dreaded comes into view.
He is wielding a +0 scythe.
Sigmund shouts!
Sigmund gestures at you while chanting. The puff of flame misses you.
A red film seems to cover your vision as you go berserk!
You feel yourself moving faster!
You feel mighty!
You are feeling very hungry.
Sigmund hits you with a +0 scythe!
Ouch! That really hurt!
* * * LOW HITPOINT WARNING * * *
You puncture Sigmund!
Sigmund is moderately wounded.
Sigmund hits you with a +0 scythe!
* * * LOW HITPOINT WARNING * * *
You closely miss Sigmund.
Sigmund is moderately wounded.
You puncture Sigmund!
Sigmund is almost dead.
You closely miss Sigmund.
Sigmund is almost dead.
Sigmund hits you with a +0 scythe!
You die...

#........#
#.##.##.
##.#.....#
#.##.##.
###.#####
#.##.##. #.#
#.##.... #.#
#.###### #.#
.# # #.# #
#.##########
#
#...@@......
######
#..#########
#.....
####..#
#.####
#.....# #.#
#.##.## #.#
#>##.# #.#
#.##.# #.#
#.##.# #.#
#.##.# #.#


You could see Sigmund.

Vanquished Creatures
  An adder (D:2)
  A dart slug (D:1)
  2 leopard geckos (D:2)
  A giant cockroach (D:1)
  10 goblins
  4 hobgoblins
  2 jackals (D:1)
  6 kobolds
  6 bats
  2 frilled lizards
  5 rats
40 creatures vanquished.

Notes
Turn   | Place    | Note
-------+----------+-------------------------------------------
     0 | D:1      | Amnesiac the Spriggan Berserker began the quest for the
                  | Orb.
     0 | D:1      | Reached XP level 1. HP: 11/11 MP: 2/2
   319 | D:1      | Reached skill level 4 in Short Blades
   319 | D:1      | Reached XP level 2. HP: 5/16 MP: 3/3
  1157 | D:1      | Reached ** piety under Trog
  1321 | D:1      | Reached XP level 3. HP: 18/19 MP: 4/4
  1779 | D:2      | Reached skill level 5 in Short Blades
  2179 | D:2      | Noticed Sigmund
  2186 | D:2      | Slain by Sigmund

Vault maps used:
D:1:      scummos_arrival_star, serial_park_tiny_2
D:2:      uniq_sigmund

Skill      XL: |  1  2  3 |
---------------+----------+-----
Short Blades   | 4 5 |  5.1
Fighting       | |  2.4
Dodging        | |  4.4

Action                   || total
-------------------------++-------
Melee: Short sword       ||   151
Invok: Berserk           ||     2
 Stab: Sleeping          ||     1
Armor: Animal skin       ||     9
Dodge: Dodged            ||   122

Table legend:
 A = Non-vault XP
 B = Vault XP
 C = Vault XP percentage of total XP
 D = Non-vault monster count
 E = Vault monster count
 F = Vault count percentage of total count
                 A         B        C        D         E       F
            +---------+---------+-------+---------+---------+-------
      Total |      77 |       0 |   0.0 |      40 |       0 |   0.0
            +---------+---------+-------+---------+---------+-------
        D:1 |      44 |       0 |   0.0 |      27 |       0 |   0.0
        D:2 |      33 |       0 |   0.0 |      13 |       0 |   0.0
            +---------+---------+-------+---------+---------+-------
